 Dungeon Crawl Stone Soup version 0.21.1-1-g345015f (webtiles) character file.

74 tidbits the Magician (level 4, 0/34 HPs)
             Began as a Gnoll Wanderer on Mar 29, 2018.
             Was an Initiate of Cheibriados.
             Slain by DrClinical's ghost (6 damage)
             ... on level 4 of the Dungeon.
             The game lasted 00:06:26 (497 turns).

tidbits the Magician (Gnoll Wanderer)                Turns: 497, Time: 00:06:27

Health: 0/34       AC:  2    Str: 15    XL:     4   Next: 30%
Magic:  2/13       EV: 12    Int: 19    God:    Cheibriados [......]
Gold:   27         SH:  0    Dex: 18    Spells: 11/17 levels left

rFire    . . .     SeeInvis .   c - +0 mace
rCold    . . .     Gourm    .   (no shield)
rNeg     . . .     Faith    .   d - +0 robe
rPois    .         Spirit   .   (no helmet)
rElec    .         Reflect  .   (no cloak)
rCorr    .         Harm     .   (no gloves)
MR       .....                  (no boots)
Stlth    ++........             (no amulet)
HPRegen  0.11/turn              (no ring)
MPRegen  0.13/turn              (no ring)

@: brilliant, very slow
A: distributed training, fangs 1, strong nose
a: Bend Time, Renounce Religion


You were on level 4 of the Dungeon.
You worshipped Cheibriados.
Cheibriados was noncommittal.
You were not hungry.

You visited 1 branch of the dungeon, and saw 4 of its levels.

You collected 27 gold pieces.

Inventory:

Hand Weapons
 c - a +0 mace (weapon)
 i - a +0 dagger
 k - a -3 whip
Armour
 d - a +0 robe (worn)
Scrolls
 e - a scroll of enchant weapon
 j - 2 scrolls of amnesia
Potions
 g - a potion of brilliance
Books
 a - a book of Flames

   Spells                             Type                      Level
   a - Flame Tongue                   Conjuration/Fire             1
   b - Throw Flame                    Conjuration/Fire             2
   c - Conjure Flame                  Conjuration/Fire             3
   d - Inner Flame                    Hexes/Fire                   3
   e - Sticky Flame                   Conjuration/Fire             4
   f - Fireball                       Conjuration/Fire             5
 b - the Compendium of Intoxication

   Spells                             Type                      Level
   a - Sting                          Conjuration/Poison           1
   b - Ignite Poison                  Fire/Transmutation/Poison    3
Comestibles
 f - 2 rations


   Skills:
 + Level 2.7 Fighting
 + Level 1.0 Short Blades
 + Level 1.0 Long Blades
 + Level 1.0 Axes
 + Level 2.7 Maces & Flails
 + Level 1.0 Polearms
 + Level 1.0 Staves
 + Level 1.0 Slings
 + Level 1.0 Bows
 + Level 1.0 Crossbows
 + Level 2.7 Throwing
 + Level 2.7 Armour
 + Level 1.0 Dodging
 + Level 1.0 Stealth
 + Level 2.7 Shields
 + Level 1.0 Unarmed Combat
 + Level 7.2 Spellcasting
 + Level 0.8 Conjurations
 + Level 0.8 Hexes
 + Level 0.8 Charms
 + Level 0.8 Summonings
 + Level 0.8 Necromancy
 + Level 0.8 Translocations
 + Level 2.2 Transmutations
 + Level 2.2 Fire Magic
 + Level 0.8 Ice Magic
 + Level 0.8 Air Magic
 + Level 0.8 Earth Magic
 + Level 0.8 Poison Magic
 + Level 1.1 Invocations
 + Level 1.0 Evocations


You had 11 spell levels left.
You knew the following spells:

 Your Spells              Type           Power        Failure   Level  Hunger
a - Flame Tongue          Conj/Fire      ###..        1%          1    None
c - Conjure Flame         Conj/Fire      ###.....     1%          3    #......
j - Throw Flame           Conj/Fire      ###...       1%          2    None


Dungeon Overview and Level Annotations

Branches:
Dungeon (4/15)
 Temple: D:4-7

Altars:
Cheibriados

Annotations:
D:3 Mirai's ghost, amateur DECj
D:4 DrClinical's ghost, amateur HOBe


Innate Abilities, Weirdness & Mutations

Your experience applies equally to all skills.
You have very sharp teeth.
Your uncanny sense of smell can sniff out nearby items.


Message History

Aim: Natasha (moderately wounded)
The flame tongue hits Natasha.
Natasha is moderately wounded.
Natasha misses you.
Casting: Flame Tongue
Confirm with . or Enter, or press ? or * to list all spells.
Aiming: Flame Tongue
Press: ? - help, Shift-Dir - straight line, f/p - Natasha
Aim: Natasha (moderately wounded)
The flame tongue hits Natasha.
Natasha is severely wounded.
Natasha claws you. Natasha claws you but does no damage.
Casting: Flame Tongue
Confirm with . or Enter, or press ? or * to list all spells.
Aiming: Flame Tongue
Press: ? - help, Shift-Dir - straight line, f/p - Natasha
Aim: Natasha (severely wounded)
The flame tongue hits Natasha.
You kill Natasha!
Cheibriados appreciates the change of pace.
Natasha growls in agony!
Your Short Blades skill increases to level 1!
Your Long Blades skill increases to level 1!
Your Axes skill increases to level 1!
Your Polearms skill increases to level 1!
Your Staves skill increases to level 1!
Your Slings skill increases to level 1!
Your Bows skill increases to level 1!
Your Crossbows skill increases to level 1!
Your Dodging skill increases to level 1!
Your Stealth skill increases to level 1!
Your Unarmed Combat skill increases to level 1!
Your Evocations skill increases to level 1!
You have reached level 4!
You feel stronger.
You see here the felid corpse of Natasha.
DrClinical's ghost (amateur Hill Orc Berserker) comes into view.
It is wielding a weapon of protection.
Firing (i - inventory): No suitable missiles.
Press: ? - help, Shift-Dir - straight line, f - DrClinical's ghost
Aim: DrClinical's ghost, wielding a weapon of protection (hasn't noticed you)
Okay, then.
Press: ? - help, v - describe, . - travel
Here: DrClinical's ghost, wielding a weapon of protection (hasn't noticed you)
The floor.
What are your orders? t - Bark!
Orders for allies: a - Attack new target. r - Retreat! s - Stop attacking. g - Guard the area. f - Follow me.
Anything else - Cancel.
You bark for attention!
DrClinical's ghost turns its malevolent gaze towards you.
The centaur skeleton completely misses you.
The centaur skeleton hits you.
You see here the felid corpse of Natasha.
The centaur skeleton hits you. x3
Casting: Flame Tongue
Confirm with . or Enter, or press ? or * to list all spells.
Aiming: Conjure Flame
Press: ? - help, Dir - move target cursor The fire ignites!
The centaur skeleton closely misses you.
The centaur skeleton hits you.
* * * LOW HITPOINT WARNING * * *
You hit the centaur skeleton but do no damage.
The centaur skeleton hits you!
* * * LOW HITPOINT WARNING * * *
The centaur skeleton closely misses you.
DrClinical's ghost turns its malevolent gaze towards you.
You feel better. The centaur skeleton hits you.
* * * LOW HITPOINT WARNING * * *
DrClinical's ghost is engulfed in blazing flames.
DrClinical's ghost hits you.
* * * LOW HITPOINT WARNING * * *
The centaur skeleton barely misses you.
Casting: Conjure Flame
Confirm with . or Enter, or press ? or * to list all spells.
Aiming: Flame Tongue
Press: ? - help, Shift-Dir - straight line, f - DrClinical's ghost
Aim: DrClinical's ghost, wielding a weapon of protection (flame, lightly damaged)
The flame tongue hits DrClinical's ghost.
DrClinical's ghost appears unharmed.
DrClinical's ghost is lightly damaged.
The centaur skeleton misses you.
DrClinical's ghost is engulfed in blazing flames.
DrClinical's ghost barely misses you. The centaur skeleton hits you.
* * * LOW HITPOINT WARNING * * *
DrClinical's ghost hits you.
* * * LOW HITPOINT WARNING * * *
Okay, then.
Unknown command.
Okay, then.
Unknown command.
You hit DrClinical's ghost but do no damage.
DrClinical's ghost is moderately damaged.
You feel yourself speed up. The centaur skeleton hits you.
* * * LOW HITPOINT WARNING * * *
DrClinical's ghost is engulfed in blazing flames.
DrClinical's ghost hits you.
You die...

#........#
#........#
##........####.
#.............. .
............... #W
##.##..<.......
...
#.#.#....####..
#... ∆#...#....#
+.... #@Z.#....#
#.....##W##.####
........#...#
.................#
.......$.........#
.................#
.###+#...........#
#...........#
#........####


You could see DrClinical's ghost and a centaur skeleton.

Vanquished Creatures
  Natasha (D:4)
  2 adders
  3 dart slugs
  A leopard gecko (D:2)
  A giant cockroach (D:4)
  3 goblins (D:2)
  4 hobgoblins
  3 kobolds
  A quokka (D:2)
  4 bats
  A frilled lizard (D:2)
  3 rats (D:2)
27 creatures vanquished.

Notes
Turn   | Place    | Note
-------+----------+-------------------------------------------
     0 | D:1      | tidbits the Gnoll Wanderer began the quest for the Orb.
     0 | D:1      | tidbits set off with: a book of Flames, the Compendium of Intoxication, a +0 mace, a +0 robe, a ration
     0 | D:1      | Reached XP level 1. HP: 17/17 MP: 8/8
     0 | D:1      | Identified the Compendium of Intoxication
     2 | D:1      | Learned a level 1 spell: Flame Tongue
    80 | D:1      | Reached skill level 2 in Transmutations
    80 | D:1      | Reached skill level 2 in Fire Magic
    80 | D:1      | Reached XP level 2. HP: 18/23 MP: 1/10
    85 | D:1      | Learned a level 2 spell: Throw Flame
   207 | D:2      | Reached XP level 3. HP: 25/28 MP: 2/11
   212 | D:2      | Learned a level 3 spell: Conjure Flame
   256 | D:2      | Found a snail-covered altar of Cheibriados.
   263 | D:2      | Became a worshipper of Cheibriados the Contemplative
   289 | D:3      | Noticed Mirai's ghost (amateur DECj)
   435 | D:2      | Reached skill level 1 in Invocations
   476 | D:4      | Noticed Natasha
   487 | D:4      | Killed Natasha
   487 | D:4      | Reached skill level 1 in Short Blades
   487 | D:4      | Reached skill level 1 in Long Blades
   487 | D:4      | Reached skill level 1 in Axes
   487 | D:4      | Reached skill level 1 in Polearms
   487 | D:4      | Reached skill level 1 in Staves
   487 | D:4      | Reached skill level 1 in Slings
   487 | D:4      | Reached skill level 1 in Bows
   487 | D:4      | Reached skill level 1 in Crossbows
   487 | D:4      | Reached skill level 1 in Dodging
   487 | D:4      | Reached skill level 1 in Stealth
   487 | D:4      | Reached skill level 1 in Unarmed Combat
   487 | D:4      | Reached skill level 1 in Evocations
   487 | D:4      | Reached XP level 4. HP: 33/34 MP: 4/13
   490 | D:4      | Noticed DrClinical's ghost (amateur HOBe)
   497 | D:4      | Slain by DrClinical's ghost

Skill      XL: |  1  2  3 |
---------------+----------+-----
Transmutations | 2 |  2.2
Fire Magic     | 2 |  2.2
Invocations    | 1 |  1.1
Short Blades   | 1 |  1.0
Long Blades    | 1 |  1.0
Axes           | 1 |  1.0
Polearms       | 1 |  1.0
Staves         | 1 |  1.0
Slings         | 1 |  1.0
Bows           | 1 |  1.0
Crossbows      | 1 |  1.0
Dodging        | 1 |  1.0
Stealth        | 1 |  1.0
Unarmed Combat | 1 |  1.0
Evocations     | 1 |  1.0
Fighting       | |  2.7
Maces & Flails | |  2.7
Throwing       | |  2.7
Armour         | |  2.7
Shields        | |  2.7
Spellcasting   | |  7.2
Conjurations   | |  0.8
Hexes          | |  0.8
Charms         | |  0.8
Summonings     | |  0.8
Necromancy     | |  0.8
Translocations | |  0.8
Ice Magic      | |  0.8
Air Magic      | |  0.8
Earth Magic    | |  0.8
Poison Magic   | |  0.8

Action                   |  1- 3 |  4- 6 || total
-------------------------+-------+-------++-------
Melee: Mace              |     9 |     2 ||    11
 Cast: Flame Tongue      |    46 |     2 ||    48
       Throw Flame       |     1 |       ||     1
       Conjure Flame     |       |     1 ||     1
  Use: Scroll            |     6 |       ||     6
       Potion            |     1 |     1 ||     2
 Stab: Sleeping          |     1 |       ||     1
Armor: Robe              |    10 |       ||    10
Dodge: Dodged            |    24 |     6 ||    30

Table legend:
 A = Turns spent in this place as a percentage of turns spent in the entire game.
 B = Non-inter-level travel turns spent in this place as a percentage of non-inter-level travel turns spent in the entire game.
 C = Inter-level travel turns spent in this place as a percentage of turns spent in this place.
 D = Turns resting spent in this place as a percentage of non-inter-level travel turns spent in this place.
 E = Turns spent auto-exploring this place as a percentage of non-inter-level travel turns spent in this place.
 F = Non-inter-level travel turns spent in this place divided by the number of levels of this place that you've seen.
                   A       B       C       D       E      F
               +-------+-------+-------+-------+-------+----------------------
         Total | 100.0 | 100.0 |   0.0 |   0.0 |   0.0 | 124.2
       Dungeon | 100.0 | 100.0 |   0.0 |   0.0 |   0.0 | 124.2
               +-------+-------+-------+-------+-------+----------------------

Table legend:
 A = Kills in this place as a percentage of kills in entire the game.
 B = Kills by you in this place as a percentage of kills by you in the entire game.
 C = Kills by friends in this place as a percentage of kills by friends in the entire game.
 D = Other kills in this place as a percentage of other kills in the entire game.
 E = Experience gained in this place as a percentage of experience gained in the entire game.
 F = Experience gained in this place divided by the number of levels of this place that you have seen.
                   A       B       C       D       E      F
               +-------+-------+-------+-------+-------+----------------------
         Total | 100.0 | 100.0 |   N/A |   N/A | 100.0 |  26.8
       Dungeon | 100.0 | 100.0 |   N/A |   N/A | 100.0 |  26.8
               +-------+-------+-------+-------+-------+----------------------

Vault maps used:
D:1:      ncdulo_watergridlock, minmay_gold_behind_fungi,
          minmay_misc_feat_pillars
D:2:      cheibriados_altar_1, serial_bayou_pond_c, serial_bayou_pond_a
D:3:      gammafunk_steamed_eel, first_ration
D:4:      minmay_distorted, uniq_sigmund, uniq_natasha, uniq_ijyb
